 Dungeon Crawl Stone Soup version 0.25.1-9-gc5326a611f (webtiles) character file.

Game seed: 4863942094005827632

1328 nebnoj the Basher (level 8, 0/71 HPs)
             Began as a Minotaur Berserker on Apr 16, 2021.
             Was an Elder of Trog.
             Killed by nerve-wracking pain
             ... invoked by a shadow imp
              (11 damage)
             ... on level 6 of the Dungeon.
             The game lasted 00:13:30 (4433 turns).

nebnoj the Basher (Minotaur Berserker)              Turns: 4433, Time: 00:13:30

Health: 0/71       AC: 14    Str: 24    XL:     8   Next: 34%
Magic:  7/7        EV:  8    Int:  4    God:    Trog [****..]
Gold:   339        SH:  0    Dex: 10    Spells: 7/7 levels left

rFire    + . .     SeeInvis .   F - +0 dire flail
rCold    x . .     Gourm    .   (shield currently unavailable)
rNeg     . . .     Faith    +   t - +0 plate armour
rPois    .         Spirit   .   (helmet restricted)
rElec    .         Reflect  .   G - +0 cloak
rCorr    .         Harm     .   (no gloves)
MR       .....                  (no boots)
Stlth    ..........             A - amulet of faith
HPRegen  0.21/turn              J - ring of flight
MPRegen  0.10/turn              v - ring of fire

@: berserk cooldown, slowed, very slow
A: retaliatory headbutt, horns 2
a: Berserk, Trog's Hand, Brothers in Arms, Renounce Religion, Evoke Flight


You were on level 6 of the Dungeon.
You worshipped Trog.
Trog was greatly pleased with you.
You were not hungry.

You visited 1 branch of the dungeon, and saw 6 of its levels.

You collected 339 gold pieces.

Inventory:

Hand Weapons
 a - a +0 mace
 m - a +0 morningstar
 D - a +0 flail of protection
 F - a +0 dire flail (weapon)
Armour
 b - a +0 animal skin
 i - a +0 chain mail
 t - a +0 plate armour (worn)
 G - a +0 cloak (worn)
Jewellery
 h - an uncursed amulet of regeneration
 v - a ring of fire (right hand)
 A - an amulet of faith (around neck)
 J - a ring of flight (left hand)
Wands
 H - a wand of flame (16)
Scrolls
 e - 2 scrolls of remove curse {unknown}
 g - 2 scrolls of noise
 j - 2 scrolls of enchant weapon {unknown}
 l - 6 scrolls of identify
 n - 2 scrolls of fog {unknown}
 o - a scroll of teleportation {unknown}
 s - a scroll of fear {unknown}
 y - a scroll of magic mapping {unknown}
 C - a scroll of enchant armour {unknown}
 E - a scroll of holy word {unknown}
 K - a scroll of amnesia {unknown}
Potions
 d - 3 potions of degeneration
 f - 3 potions of curing
 k - a potion of lignification {unknown}
 p - a potion of flight {unknown}
 q - 4 potions of cancellation {unknown}
 r - a potion of ambrosia {unknown}
 u - a potion of magic {unknown}
 w - a potion of berserk rage {unknown}
 x - a potion of resistance {unknown}
 z - a potion of haste {unknown}
 B - 2 potions of heal wounds {unknown}
Comestibles
 c - 10 rations
 I - 9 chunks of flesh


   Skills:
 + Level 6.7 Fighting
 + Level 9.5 Maces & Flails
 + Level 6.0 Armour
 + Level 3.3 Dodging
 + Level 0.4 Stealth


You had 7 spell levels left.
You didn't know any spells.
Your spell library was empty.

Dungeon Overview and Level Annotations

Branches:
Dungeon (6/15)             Temple (0/1) D:4

Altars:
Okawaru
Qazlal
Sif Muna


Innate Abilities, Weirdness & Mutations

You reflexively headbutt those who attack you in melee.
You have a pair of horns on your head.


Message History

You hit the gnoll.
You kill the gnoll!
Trog accepts your kill.
You puncture the gnoll!
You kill the gnoll!
Trog accepts your kill.
Items here: ))) ††† You feel a strong urge to attack something.
You see here a +0 flail.
You feel your anger nearly subside.
You are no longer berserk.
You are exhausted.
You feel yourself slow down.
Found a stone staircase leading down.
Eating one of 10 chunks of flesh.
You eat one of the 10 chunks of flesh.
This raw flesh tastes terrible.
A shadow imp comes into view.
The shadow imp disappears for a moment.
The shadow imp gestures at you. Pain shoots through your body!
You die...

##....## ##.... ##....##
#.... ##....## #.....
#########.....# #......
..............## #.......
...............##......###
................... #
...................
.#####5)@......... #
........).......... #
.................>. #
.........####...... #
........## #:.... #
.###....# #.... # ##...#
#... # ##..# #.. #.. ..


You could see a shadow imp.

Vanquished Creatures
  A sky beast (D:5)
  2 ice beasts
  A phantom (D:4)
  Blork the orc (D:5)
  A howler monkey (D:5)
  A crimson imp (D:5)
  A hound (D:6)
  2 jellies (D:5)
  6 orc priests
  3 orc wizards
  2 iguanas (D:4)
  4 worker ants
  3 hound zombies (D:6)
  6 gnolls
  A howler monkey skeleton (D:4)
  9 adders
  2 oozes (D:3)
  2 adder skeletons
  An adder zombie (D:5)
  4 dart slugs
  2 worms
  2 leopard geckos
  21 orcs
  6 bats
  6 giant cockroaches
  6 goblins
  9 hobgoblins
  7 jackals
  4 quokkas
  A ball python (D:3)
  2 frilled lizards
  A jackal skeleton (D:4)
  9 kobolds
  A leopard gecko skeleton (D:4)
  7 rats
137 creatures vanquished.

Notes
Turn   | Place    | Note
-------+----------+-------------------------------------------
     0 | D:1      | nebnoj the Minotaur Berserker began the quest for the Orb.
     0 | D:1      | Reached XP level 1. HP: 19/19 MP: 0/0
   234 | D:1      | Reached XP level 2. HP: 20/27 MP: 1/1
   328 | D:1      | Reached skill level 4 in Maces & Flails
   864 | D:2      | Reached XP level 3. HP: 24/33 MP: 2/2
  1109 | D:2      | Reached ** piety under Trog
  1897 | D:3      | Reached XP level 4. HP: 39/40 MP: 3/3
  1944 | D:3      | Reached skill level 5 in Maces & Flails
  2064 | D:3      | Reached XP level 5. HP: 28/47 MP: 4/4
  2360 | D:3      | Found an iron altar of Okawaru.
  2555 | D:3      | Reached *** piety under Trog
  2797 | D:4      | Reached skill level 5 in Fighting
  2797 | D:4      | Reached XP level 6. HP: 56/56 MP: 5/5
  2850 | D:4      | Found a staircase to the Ecumenical Temple.
  2857 | D:4      | Reached skill level 6 in Maces & Flails
  3232 | D:5      | Entered Level 5 of the Dungeon
  3237 | D:5      | Reached XP level 7. HP: 63/63 MP: 6/6
  3248 | D:5      | Reached skill level 7 in Maces & Flails
  3339 | D:5      | Reached skill level 5 in Armour
  3363 | D:5      | Found a stormy altar of Qazlal.
  3416 | D:5      | Reached **** piety under Trog
  3514 | D:5      | Reached skill level 8 in Maces & Flails
  3614 | D:5      | Noticed Blork the orc
  3622 | D:5      | Killed Blork the orc
  3891 | D:5      | Found a shimmering blue altar of Sif Muna.
  4045 | D:5      | Reached skill level 9 in Maces & Flails
  4045 | D:5      | Reached XP level 8. HP: 71/71 MP: 7/7
  4433 | D:6      | Killed from afar by a shadow imp

Illustrated notes

Levels and vault maps discovered:
D:1:      shiori_arrival_maze, layout_loops_ring, grunt_decor_cap
D:2:      layout_basic
D:3:      layout_basic, first_ration, st_stairs_8, wad_floor_pattern_2,
          okawaru_altar_gauntlet_db
D:4:      layout_rooms, minmay_temple_entry_large_hall
D:5:      layout_loops_ring, nicolae_qazlal_eye_of_the_storm,
          chequers_serial_rivers_micro_e, minivault_4, led_sif_pool,
          uniq_blork_the_orc
D:6:      layout_layer_cave

Skill      XL: |  1  2  3  4  5  6  7  8 |
---------------+-------------------------+-----
Maces & Flails | 4 5 6 9 |  9.5
Fighting       | 4 5 6 |  6.7
Armour         | 3 4 5 6 |  6.0
Dodging        | 3 |  3.3
Stealth        | |  0.4

Action                   |  1- 3 |  4- 6 |  7- 9 || total
-------------------------+-------+-------+-------++-------
Melee: Mace              |    53 |       |       ||    53
       Headbutt          |     9 |    18 |    20 ||    47
       Morningstar       |    29 |   109 |    25 ||   163
       Flail             |       |       |    24 ||    24
       Dire flail        |       |       |    59 ||    59
Invok: Berserk           |       |     2 |     1 ||     3
  Use: Scroll            |     1 |       |       ||     1
       Potion            |       |     3 |       ||     3
  Eat: Chunk             |     3 |     6 |     5 ||    14
Armor: Animal skin       |     7 |       |       ||     7
       Chain mail        |    58 |    52 |       ||   110
       Plate armour      |       |    35 |   107 ||   142
Dodge: Dodged            |    72 |    69 |    47 ||   188
